 Dungeon Crawl Stone Soup version 0.21.1-1-g345015f (webtiles) character file.

629 empire the Bolt Thrower (level 7, -6/52 HPs)
             Began as a Gnoll Wanderer on Mar 23, 2018.
             Was a Believer of Nemelex Xobeh.
             Mangled by Prince Ribbit (9 damage)
             ... on level 4 of the Dungeon.
             The game lasted 00:18:51 (5191 turns).

empire the Bolt Thrower (Gnoll Wanderer)            Turns: 5191, Time: 00:18:52

Health: -6/52      AC: 16    Str: 15    XL:     7   Next: 48%
Magic:  10/10      EV:  9    Int: 14    God:    Nemelex Xobeh [**....]
Gold:   162        SH:  0    Dex: 16    Spells: 10/10 levels left

rFire    . . .     SeeInvis .   c - +1 morningstar
rCold    . . .     Gourm    .   (no shield)
rNeg     . . .     Faith    .   B - +3 chain mail
rPois    .         Spirit   .   e - +1 helmet
rElec    .         Reflect  .   (no cloak)
rCorr    .         Harm     .   w - +0 pair of gloves
MR       .....                  k - +0 pair of boots
Stlth    ..........             (no amulet)
HPRegen  0.17/turn              m - ring of stealth
MPRegen  0.12/turn              d - ring of loudness (curse)

@: drained
A: distributed training, fangs 1, strong nose
a: Renounce Religion


You were on level 4 of the Dungeon.
You worshipped Nemelex Xobeh.
Nemelex Xobeh was pleased with you.
You were near starving.

You visited 2 branches of the dungeon, and saw 6 of its levels.

You collected 162 gold pieces.

Inventory:

Hand Weapons
 a - a +3 hand crossbow
 c - a +1 morningstar (weapon)
Missiles
 g - 25 bolts
Armour
 e - a +1 helmet (worn)
 k - a +0 pair of boots (worn)
 w - a +0 pair of gloves (worn)
 x - a +0 leather armour
 B - a +3 chain mail (worn)
Jewellery
 d - a cursed ring of loudness (right hand)
 m - a ring of stealth (left hand)
 n - an uncursed ring of resist corrosion {unknown}
Scrolls
 i - 3 scrolls of immolation
 q - 4 scrolls of identify
Comestibles
 f - 10 rations


   Skills:
 + Level 3.6(3.4) Fighting
 + Level 2.4(2.2) Short Blades
 + Level 2.4(2.2) Long Blades
 + Level 2.4(2.2) Axes
 + Level 2.4(2.2) Maces & Flails
 + Level 2.4(2.2) Polearms
 + Level 2.4(2.2) Staves
 + Level 2.4(2.2) Slings
 + Level 2.4(2.2) Bows
 + Level 7.0(6.8) Crossbows
 + Level 2.4(2.2) Throwing
 + Level 2.4(2.2) Armour
 + Level 5.2(5.0) Dodging
 + Level 2.4(2.2) Stealth
 + Level 3.6(3.4) Shields
 + Level 5.2(5.0) Unarmed Combat
 + Level 2.4(2.2) Spellcasting
 + Level 2.0(1.8) Conjurations
 + Level 2.0(1.8) Hexes
 + Level 2.0(1.8) Charms
 + Level 2.0(1.8) Summonings
 + Level 2.0(1.8) Necromancy
 + Level 2.0(1.8) Translocations
 + Level 2.0(1.8) Transmutations
 + Level 2.0(1.8) Fire Magic
 + Level 2.0(1.8) Ice Magic
 + Level 2.0(1.8) Air Magic
 + Level 2.0(1.8) Earth Magic
 + Level 2.0(1.8) Poison Magic
 + Level 2.7(2.5) Invocations
 + Level 3.6(3.4) Evocations


You had 10 spell levels left.
You didn't know any spells.

Dungeon Overview and Level Annotations

Branches:
Dungeon (5/15)             Temple (1/1) D:4

Altars:
Ashenzari
Dithmenos
Elyvilon
Fedhas
Gozag
Hepliaklqana
Kikubaaqudgha
Makhleb
Nemelex Xobeh
Okawaru
Qazlal
Sif Muna
Trog
Uskayaw
Vehumet
Xom
Zin
The Shining One

Annotations:
D:4 Prince Ribbit


Innate Abilities, Weirdness & Mutations

Your experience applies equally to all skills.
You have very sharp teeth.
Your uncanny sense of smell can sniff out nearby items.


Message History

The hound bites you but does no damage.
The crimson imp hits you but does no damage.
Prince Ribbit barely misses you. The hound bites you but does no damage.
You miss the crimson imp. Prince Ribbit hits you.
The hound bites you but does no damage. The crimson imp barely misses you.
Prince Ribbit hits you! The hound bites you. The crimson imp barely misses you.
Prince Ribbit hits you!
* * * LOW HITPOINT WARNING * * *
The crimson imp barely misses you. Prince Ribbit hits you!
* * * LOW HITPOINT WARNING * * *
There is a stone staircase leading up, spattered with blood here.
The hound bites you but does no damage. Prince Ribbit closely misses you.
The crimson imp hits you but does no damage.
The hound bites you but does no damage.
The bullfrog skeleton hits you but does no damage.
You climb upwards.
There is a stone staircase leading down here.
Prince Ribbit hits you!
You die...
Your body glows slightly and disappears.

..# #####.####.###.# ..#
#.# #..##.##### ### #.#
##........# #.#
#........#
#.#####...)....#
#.#............#
#.#.####.#.#.########
#.#<......5.........#
#.#..<..@.h.........#
#........F>.........#####
########.................
####.........#####
#.........# #.........#
#.........# #.........#
#####.#####


You could see Prince Ribbit, a hound and a crimson imp.

Vanquished Creatures
  The ghost of TheNamelessOne the Firebug, an amateur DsFE (D:4)
  A wight (D:4)
  A crimson imp (D:5)
  A jelly (D:5)
  An orc priest (D:3)
  An orc wizard (D:4)
  2 centaur skeletons (D:4)
  A worker ant (D:4)
  2 gnolls (D:3)
  2 adders
  An ooze (D:3)
  A dart slug (D:3)
  4 leopard geckos
  10 orcs
  2 bats (D:2)
  A giant cockroach (D:3)
  6 goblins
  5 hobgoblins
  4 jackals (D:3)
  3 frilled lizards
  A jackal skeleton (D:4)
  6 kobolds
  4 rats
61 creatures vanquished.

Vanquished Creatures (collateral kills)
  An orc warrior (D:5)
  A crimson imp (D:4)
  A worker ant (D:4)
  A hound skeleton (D:4)
  2 gnolls
  An adder (D:4)
  A howler monkey skeleton (D:5)
  A worm (D:4)
  An orc (D:4)
  2 giant cockroaches
  2 hobgoblins
  2 goblins (D:3)
  A kobold (D:2)
  A quokka skeleton (D:4)
  A rat (D:3)
19 creatures vanquished.

Vanquished Creatures (others)
  A hound (D:5)
  An orc (D:5)
  A giant cockroach (D:2)
  A leopard gecko skeleton (D:5)
4 creatures vanquished.

Grand Total: 84 creatures vanquished

Notes
Turn   | Place    | Note
-------+----------+-------------------------------------------
     0 | D:1      | empire the Gnoll Wanderer began the quest for the Orb.
     0 | D:1      | empire set off with: a +2 hand crossbow, 24 bolts, 2 potions of curing, a +0 robe, a ration
     0 | D:1      | Reached XP level 1. HP: 17/17 MP: 2/2
   639 | D:1      | Reached XP level 2. HP: 23/23 MP: 3/3
   915 | D:2      | Reached XP level 3. HP: 17/28 MP: 4/4
  1040 | D:2      | Found a sparkling altar of Nemelex Xobeh.
  1058 | D:2      | Became a worshipper of Nemelex Xobeh the Trickster
  1068 | D:2      | Received a gift from Nemelex Xobeh
  1310 | D:2      | Reached * piety under Nemelex Xobeh
  1745 | D:3      | Reached skill level 1 in Invocations
  2047 | D:3      | Reached skill level 1 in Short Blades
  2047 | D:3      | Reached skill level 1 in Long Blades
  2047 | D:3      | Reached skill level 1 in Axes
  2047 | D:3      | Reached skill level 1 in Maces & Flails
  2047 | D:3      | Reached skill level 1 in Polearms
  2047 | D:3      | Reached skill level 1 in Staves
  2047 | D:3      | Reached skill level 1 in Slings
  2047 | D:3      | Reached skill level 1 in Bows
  2047 | D:3      | Reached skill level 1 in Throwing
  2047 | D:3      | Reached skill level 1 in Armour
  2047 | D:3      | Reached skill level 1 in Stealth
  2047 | D:3      | Reached skill level 1 in Spellcasting
  2058 | D:3      | Found a sparkling altar of Nemelex Xobeh.
  2119 | D:2      | Reached XP level 4. HP: 18/34 MP: 6/6
  2532 | D:3      | Received a gift from Nemelex Xobeh
  2647 | D:3      | Reached skill level 1 in Conjurations
  2647 | D:3      | Reached skill level 1 in Hexes
  2647 | D:3      | Reached skill level 1 in Charms
  2647 | D:3      | Reached skill level 1 in Summonings
  2647 | D:3      | Reached skill level 1 in Necromancy
  2647 | D:3      | Reached skill level 1 in Translocations
  2647 | D:3      | Reached skill level 1 in Transmutations
  2647 | D:3      | Reached skill level 1 in Fire Magic
  2647 | D:3      | Reached skill level 1 in Ice Magic
  2647 | D:3      | Reached skill level 1 in Air Magic
  2647 | D:3      | Reached skill level 1 in Earth Magic
  2647 | D:3      | Reached skill level 1 in Poison Magic
  2846 | D:3      | Reached XP level 5. HP: 11/40 MP: 7/7
  3177 | D:3      | Reached ** piety under Nemelex Xobeh
  3708 | D:4      | Noticed TheNamelessOne's ghost (amateur DsFE)
  3727 | D:4      | Killed TheNamelessOne's ghost
  3727 | D:4      | Reached XP level 6. HP: 11/47 MP: 8/8
  3969 | D:4      | Noticed an insubstantial wisp
  4023 | D:4      | Reached skill level 5 in Dodging
  4023 | D:4      | Reached skill level 5 in Unarmed Combat
  4051 | D:4      | Found a glowing golden altar of the Shining One.
  4194 | D:4      | Found a staircase to the Ecumenical Temple.
  4203 | Temple   | Entered the Ecumenical Temple
  4203 | Temple   | Received a gift from Nemelex Xobeh
  4530 | D:5      | Entered Level 5 of the Dungeon
  4542 | D:5      | Noticed an orc warrior
  4550 | D:5      | HP: 2/47 [orc warrior/battleaxe (18)]
  4556 | D:5      | Reached XP level 7. HP: 4/52 MP: 10/10
  4556 | D:5      | Reached skill level 7 in Crossbows
  5174 | D:5      | Noticed Prince Ribbit
  5187 | D:5      | HP: 2/52 [Prince Ribbit (10)]
  5191 | D:4      | Mangled by Prince Ribbit

Skill      XL: |  1  2  3  4  5  6  7 |
---------------+----------------------+-----
Invocations    | 1 2 |  2.7
Short Blades   | 1 2 |  2.4
Long Blades    | 1 2 |  2.4
Axes           | 1 2 |  2.4
Maces & Flails | 1 2 |  2.4
Polearms       | 1 2 |  2.4
Staves         | 1 2 |  2.4
Slings         | 1 2 |  2.4
Bows           | 1 2 |  2.4
Throwing       | 1 2 |  2.4
Armour         | 1 2 |  2.4
Stealth        | 1 2 |  2.4
Spellcasting   | 1 2 |  2.4
Conjurations   | 1 2 |  2.0
Hexes          | 1 2 |  2.0
Charms         | 1 2 |  2.0
Summonings     | 1 2 |  2.0
Necromancy     | 1 2 |  2.0
Translocations | 1 2 |  2.0
Transmutations | 1 2 |  2.0
Fire Magic     | 1 2 |  2.0
Ice Magic      | 1 2 |  2.0
Air Magic      | 1 2 |  2.0
Earth Magic    | 1 2 |  2.0
Poison Magic   | 1 2 |  2.0
Fighting       | 3 |  3.6
Shields        | 3 |  3.6
Evocations     | 3 |  3.6
Dodging        | 5 |  5.2
Unarmed Combat | 5 |  5.2
Crossbows      | 7 |  7.0

Action                   |  1- 3 |  4- 6 |  7- 9 || total
-------------------------+-------+-------+-------++-------
Melee: Mace              |    29 |   177 |    10 ||   216
       Bite              |     1 |    24 |     1 ||    26
       Punch             |       |     3 |       ||     3
       Morningstar       |       |       |    10 ||    10
 Fire: Hand crossbow     |    49 |       |     4 ||    53
Evoke: Deck              |     9 |     5 |     8 ||    22
  Use: Scroll            |     6 |     8 |     1 ||    15
       Potion            |       |    10 |     3 ||    13
 Stab: Sleeping          |     1 |     3 |       ||     4
  Eat: Chunk             |     3 |     8 |     1 ||    12
Armor: Robe              |     6 |       |       ||     6
       Leather armour    |    22 |    37 |     2 ||    61
       Chain mail        |       |       |    17 ||    17
Dodge: Dodged            |    74 |   170 |    35 ||   279
